 Dungeon Crawl Stone Soup version 0.23.2-40-g277498a001 (webtiles) character file.

Game seed: 10706933468167633976

355 FishyPogo the Ducker (level 6, 0/53 HPs)
             Began as a Gnoll Monk on Sept 21, 2019.
             Slain by Crazy Yiuf
             ... wielding a +3 quarterstaff of chaos
              (6 damage)
             ... on level 3 of the Dungeon.
             The game lasted 00:05:55 (2380 turns).

FishyPogo the Ducker (Gnoll Monk)                   Turns: 2380, Time: 00:05:56

Health: 0/53       AC:  2    Str: 13    XL:     6   Next: 63%
Magic:  7/9        EV: 17    Int: 12    God:
Gold:   112        SH:  0    Dex: 20    Spells: 9/9 levels left

rFire    . . .     SeeInvis .   a - +0 falchion
rCold    . . .     Gourm    .   (no shield)
rNeg     . . .     Faith    .   b - +0 robe
rPois    +         Spirit   .   (no helmet)
rElec    .         Reflect  .   (no cloak)
rCorr    .         Harm     .   (no gloves)
MR       .....                  (no boots)
Stlth    +++.......             (no amulet)
HPRegen  0.17/turn              s - ring of poison resistance
MPRegen  0.11/turn              (no ring)

@: no status effects
A: distributed training, fangs 1, strong nose
a: no special abilities


You were on level 3 of the Dungeon.
You were not hungry.

You visited 1 branch of the dungeon, and saw 4 of its levels.

You collected 112 gold pieces.

Inventory:

Hand Weapons
 a - a +0 falchion (weapon)
Missiles
 f - 51 stones (quivered)
 g - 6 javelins
 t - 2 tomahawks
Armour
 b - a +0 robe (worn)
Jewellery
 q - an uncursed ring of ice
 s - a ring of poison resistance (left hand)
Scrolls
 d - a scroll of enchant weapon {unknown}
 e - a scroll of amnesia {unknown}
 j - a scroll of blinking {unknown}
 k - 3 scrolls of remove curse {unknown}
 m - a scroll of immolation {unknown}
 o - a scroll of enchant armour {unknown}
 p - 2 scrolls of teleportation {unknown}
 r - a scroll of identify {unknown}
 w - a scroll of fog {unknown}
Potions
 h - a potion of brilliance
 l - a potion of curing
Comestibles
 c - 7 rations
 i - 5 chunks of flesh


   Skills:
 + Level 6.8 Fighting
 + Level 2.0 Short Blades
 + Level 6.8 Long Blades
 + Level 2.0 Axes
 + Level 2.0 Maces & Flails
 + Level 2.0 Polearms
 + Level 2.0 Staves
 + Level 2.0 Slings
 + Level 2.0 Bows
 + Level 2.0 Crossbows
 + Level 2.0 Throwing
 + Level 2.0 Armour
 + Level 6.8 Dodging
 + Level 4.6 Stealth
 + Level 2.0 Shields
 + Level 2.0 Unarmed Combat
 + Level 2.0 Spellcasting
 + Level 1.6 Conjurations
 + Level 1.6 Hexes
 + Level 1.6 Charms
 + Level 1.6 Summonings
 + Level 1.6 Necromancy
 + Level 1.6 Translocations
 + Level 1.6 Transmutations
 + Level 1.6 Fire Magic
 + Level 1.6 Ice Magic
 + Level 1.6 Air Magic
 + Level 1.6 Earth Magic
 + Level 1.6 Poison Magic
 + Level 2.2 Invocations
 + Level 2.0 Evocations


You had 9 spell levels left.
You didn't know any spells.
Your spell library was empty.

Dungeon Overview and Level Annotations

Branches:
Dungeon (4/15)
 Temple: D:4-7

Altars:
Cheibriados

Annotations:
D:3 Crazy Yiuf


Innate Abilities, Weirdness & Mutations

Your experience applies equally to all skills.
You have very sharp teeth.
Your uncanny sense of smell can sniff out nearby items.


Message History

You hit Crazy Yiuf but do no damage.
Crazy Yiuf is moderately wounded.
Crazy Yiuf hits you with a +3 quarterstaff of chaos.
You feel your power leaking away.
You hit Crazy Yiuf.
Crazy Yiuf is heavily wounded.
Crazy Yiuf cries, "Defame bag aubergine!"
Crazy Yiuf misses you.
You riposte.
You hit Crazy Yiuf.
Crazy Yiuf is heavily wounded.
You hit Crazy Yiuf but do no damage. You bite Crazy Yiuf, but do no damage.
Crazy Yiuf is heavily wounded.
Crazy Yiuf hits you with a +3 quarterstaff of chaos!
Crazy Yiuf burns you.
You are too injured to fight recklessly!
You hit Crazy Yiuf.
Crazy Yiuf is almost dead.
Crazy Yiuf hits you with a +3 quarterstaff of chaos!
* * * LOW HITPOINT WARNING * * *
Crazy Yiuf burns you.
You die...

###### #....#
#.#### .....#
#.##.##♣♣ #####
#.##....♣♣ ♣♣#..)#
#.#....P.♣♣♣♣.'.@g#
#.#....PP.♣..♣#...#
#.#....P.♣.♣♣♣#####
#..#.##♣♣♣♣♣ .....#
...#.########
...#........#
...##########
...........


You could see Crazy Yiuf.

Vanquished Creatures
  A hungry ghost (D:3)
  Purgy (D:3)
  4 gnolls (D:2)
  An adder (D:2)
  2 oozes (D:1)
  A dart slug (D:2)
  2 worms (D:2)
  A leopard gecko (D:1)
  A ball python (D:1)
  3 bats
  4 giant cockroaches
  4 goblins
  10 hobgoblins
  17 jackals
  2 frilled lizards (D:3)
  3 kobolds
  7 rats
64 creatures vanquished.

Notes
Turn   | Place    | Note
-------+----------+-------------------------------------------
     0 | D:1      | FishyPogo the Gnoll Monk began the quest for the Orb.
     0 | D:1      | Reached XP level 1. HP: 23/23 MP: 1/1
    64 | D:1      | Reached XP level 2. HP: 23/29 MP: 2/2
   384 | D:1      | Reached XP level 3. HP: 35/35 MP: 3/3
   883 | D:2      | You fall through a shaft!
   935 | D:3      | Reached skill level 1 in Invocations
  1181 | D:2      | Reached skill level 1 in Short Blades
  1181 | D:2      | Reached skill level 1 in Axes
  1181 | D:2      | Reached skill level 1 in Maces & Flails
  1181 | D:2      | Reached skill level 1 in Polearms
  1181 | D:2      | Reached skill level 1 in Staves
  1181 | D:2      | Reached skill level 1 in Slings
  1181 | D:2      | Reached skill level 1 in Bows
  1181 | D:2      | Reached skill level 1 in Crossbows
  1181 | D:2      | Reached skill level 1 in Throwing
  1181 | D:2      | Reached skill level 1 in Armour
  1181 | D:2      | Reached skill level 1 in Shields
  1181 | D:2      | Reached skill level 1 in Unarmed Combat
  1181 | D:2      | Reached skill level 1 in Spellcasting
  1181 | D:2      | Reached skill level 1 in Evocations
  1181 | D:2      | Reached XP level 4. HP: 39/41 MP: 5/5
  1202 | D:2      | Reached skill level 1 in Conjurations
  1202 | D:2      | Reached skill level 1 in Hexes
  1202 | D:2      | Reached skill level 1 in Charms
  1202 | D:2      | Reached skill level 1 in Summonings
  1202 | D:2      | Reached skill level 1 in Necromancy
  1202 | D:2      | Reached skill level 1 in Translocations
  1202 | D:2      | Reached skill level 1 in Transmutations
  1202 | D:2      | Reached skill level 1 in Fire Magic
  1202 | D:2      | Reached skill level 1 in Ice Magic
  1202 | D:2      | Reached skill level 1 in Air Magic
  1202 | D:2      | Reached skill level 1 in Earth Magic
  1202 | D:2      | Reached skill level 1 in Poison Magic
  1698 | D:2      | Reached XP level 5. HP: 21/47 MP: 6/6
  2069 | D:3      | Found a snail-covered altar of Cheibriados.
  2069 | D:3      | Noticed Purgy
  2106 | D:3      | Killed Purgy
  2198 | D:3      | Noticed a hungry ghost
  2212 | D:3      | Killed a hungry ghost
  2212 | D:3      | Reached XP level 6. HP: 21/53 MP: 7/9
  2365 | D:3      | Found a runed translucent door.
  2366 | D:3      | Noticed Crazy Yiuf
  2380 | D:3      | Slain by Crazy Yiuf

Skill      XL: |  1  2  3  4  5 |
---------------+----------------+-----
Invocations    | 1 2 |  2.2
Short Blades   | 1 2 |  2.0
Axes           | 1 2 |  2.0
Maces & Flails | 1 2 |  2.0
Polearms       | 1 2 |  2.0
Staves         | 1 2 |  2.0
Slings         | 1 2 |  2.0
Bows           | 1 2 |  2.0
Crossbows      | 1 2 |  2.0
Throwing       | 1 2 |  2.0
Armour         | 1 2 |  2.0
Shields        | 1 2 |  2.0
Unarmed Combat | 1 2 |  2.0
Spellcasting   | 1 2 |  2.0
Evocations     | 1 2 |  2.0
Conjurations   | 1 |  1.6
Hexes          | 1 |  1.6
Charms         | 1 |  1.6
Summonings     | 1 |  1.6
Necromancy     | 1 |  1.6
Translocations | 1 |  1.6
Transmutations | 1 |  1.6
Fire Magic     | 1 |  1.6
Ice Magic      | 1 |  1.6
Air Magic      | 1 |  1.6
Earth Magic    | 1 |  1.6
Poison Magic   | 1 |  1.6
Fighting       | |  6.8
Long Blades    | |  6.8
Dodging        | |  6.8
Stealth        | |  4.6

Action                   |  1- 3 |  4- 6 || total
-------------------------+-------+-------++-------
Melee: Falchion          |    91 |   146 ||   237
       Bite              |     9 |    31 ||    40
       Punch             |       |     1 ||     1
Throw: Stone             |       |     1 ||     1
  Use: Potion            |       |     8 ||     8
 Stab: Sleeping          |     7 |     6 ||    13
  Eat: Chunk             |     1 |     5 ||     6
Armor: Robe              |    10 |     6 ||    16
       Skin              |       |     9 ||     9
Dodge: Dodged            |    68 |   130 ||   198
       Rpst.: Falchion   |    24 |    35 ||    59
